 Dungeon Crawl Stone Soup version 0.16.2-2-g470672f (webtiles) character file.

29579 RepoMan the Arsonist (level 13, -11/93 HPs)
             Began as a Mummy Fire Elementalist on Sept 4, 2015.
             Was a Priest of Ashenzari.
             Mangled by a seven-headed hydra (18 damage)
             ... on level 6 of the Lair of Beasts.
             The game lasted 03:10:29 (22974 turns).

RepoMan the Arsonist (Mummy Fire Elementalist)     Turns: 22974, Time: 03:10:29

Health: -11/93     AC: 10    Str: 11    XL:     13   Next: 15%
Magic:  30/31      EV: 14    Int: 21    God:    Ashenzari [***...]
Gold:   943        SH:  0    Dex: 12    Spells: 7 memorised, 12 levels left

rFire  + + .     SeeInvis +     z - +0 dagger (protect)
rCold  . . .     Clarity  +     h - +1 robe {rC+ rF+}
rNeg   + + +     SustAb   .     (no shield)
rPois  ∞         Gourm    .     I - +2 hat {Int+3} (curse)
rElec  .         Spirit   .     (no cloak)
rCorr  .         Warding  +     (no gloves)
rMut   .         Stasis   .     (no boots)
MR     +....                    i - amulet of warding
Stlth  ++........               s - ring of fire
                                o - ring of fire

@: about to teleport, somewhat resistant to hostile enchantments, unstealthy
A: no food or potions, fire vulnerability, in touch with death, restore body,
cold resistance 1, negative energy resistance 3, poison resistance, torment
resistance, unbreathing
a: Self-Restoration, Renounce Religion


You were on level 6 of the Lair of Beasts.
You worshipped Ashenzari.
Ashenzari was most pleased with you.
You were not hungry.

You visited 3 branches of the dungeon, and saw 16 of its levels.

You collected 1078 gold pieces.
You spent 135 gold pieces at shops.

Inventory:

Hand weapons
 q - a +0 blowgun
 u - a +2 eveningstar
 z - a +0 dagger of protection (weapon)
Missiles
 r - 44 poisoned needles
 D - 4 curare-tipped needles
Armour
 f - the +2 leather armour of Maziqiwe {Int+2 Dex+2 SInv}
   (You found it on level 2 of the Dungeon)

   It affects your intelligence (+2).
   It affects your dexterity (+2).
   It enhances your eyesight.
 h - a +1 robe of resistance (worn)
 n - the +1 robe of the Serpent {+Fly rF+ rC- SInv}
   (You found it on level 4 of the Lair of Beasts)

   It protects you from fire.
   It makes you vulnerable to cold.
   It enhances your eyesight.
   It lets you fly.
 I - a cursed +2 hat of intelligence (worn)
Jewellery
 d - an uncursed ring of teleportation
 g - an uncursed ring of sustain abilities
 i - an amulet of warding (around neck)
 k - the ring of the Five Wishes {+Fly rPois rC+ MR+ Stlth+}
   (You found it on level 4 of the Lair of Beasts)

   [ring of stealth]

   It protects you from cold.
   It protects you from poison.
   It affects your resistance to hostile enchantments.
   It lets you fly.
   It makes you more stealthy.
 l - the ring "Buifo" {Contam MR+ AC+3 Str-2 Slay+3 SInv}
   (You bought it in a shop on level 5 of the Dungeon)

   [ring of protection]

   It affects your AC (+3).
   It affects your strength (-2).
   It affects your accuracy and damage with ranged weapons and melee attacks
   (+3).
   It affects your resistance to hostile enchantments.
   It enhances your eyesight.
   It causes magical contamination when unequipped.
 m - an uncursed amulet of resist corrosion
 o - a ring of fire (left hand)
 s - a ring of fire (right hand)
Magical devices
 e - a wand of lightning (0)
 p - a wand of fire (0)
 w - a wand of magic darts (18)
 x - a wand of random effects (28)
 y - a wand of frost (43)
 B - a wand of frost (11)
 C - a wand of frost (26)
 F - a wand of digging (16)
 H - a wand of cold (9)
 J - a wand of confusion (20)
Scrolls
 a - a scroll of holy word
 b - a scroll of silence
 c - 7 scrolls of identify
 j - 2 scrolls of amnesia
 t - a scroll of teleportation
 v - 2 scrolls of remove curse
 A - 2 scrolls of magic mapping
 E - a scroll of fog
 G - 2 scrolls of enchant weapon
 K - 2 scrolls of curse weapon


   Skills:
 + Level 5.7 Fighting
 + Level 6.0 Dodging
 - Level 1.5 Stealth
 + Level 9.8 Spellcasting
 + Level 8.8 Conjurations
 * Level 12.4 Fire Magic


You had 12 spell levels left.
You knew the following spells:

 Your Spells              Type           Power        Failure   Level  Hunger
a - Flame Tongue          Conj/Fire      #####        1%          1    N/A
b - Throw Flame           Conj/Fire      ######       1%          2    N/A
c - Conjure Flame         Conj/Fire      #######.     1%          3    N/A
d - Sticky Flame          Conj/Fire      #######.     1%          4    N/A
e - Fireball              Conj/Fire      #######...   2%          5    N/A
i - Inner Flame           Hex/Fire       ######..     1%          3    N/A
s - Animate Skeleton      Necr           N/A          10%         1    N/A

Dungeon Overview and Level Annotations

Branches:
Dungeon (9/15)             Temple (1/1) D:5            Lair (6/8) D:8
 Spider (0/5) Lair:3
  Swamp: Lair:3-6    Shoals: Lair:3-6     Slime: Lair:6-8       Orc: D:9-12

Altars:
Ashenzari
Cheibriados
Dithmenos
Elyvilon
Fedhas
Gozag
Kikubaaqudgha
Makhleb
Nemelex Xobeh
Okawaru
Qazlal
Ru
Sif Muna
Trog
Vehumet
Xom
Yredelemnul
Zin
The Shining One

Shops:
D:5 *


Innate Abilities, Weirdness & Mutations

You do not eat or drink.
Your flesh is vulnerable to fire.
You are in touch with the powers of death.
You can restore your body by infusing magical energy.
Your flesh is cold resistant.
You are immune to negative energy.
Your system is resistant to poisons.
You are immune to unholy pain and torment.
You can survive without breathing.


Message History

Your crocodile skeleton bites the seven-headed hydra!
A swamp drake comes into view.
The seven-headed hydra misses you. The seven-headed hydra bites you.
The seven-headed hydra bites you. The seven-headed hydra bites you!
The seven-headed hydra bites you!
The seven-headed hydra bites you but does no damage.
The seven-headed hydra bites you!
Read which item? (? for menu, Esc to quit)
Okay, then.
Unknown command.
Read which item? (? for menu, Esc to quit)
As you read the scroll of teleportation, it crumbles to dust.
You feel strangely unstable. The seven-headed hydra misses you.
The seven-headed hydra bites you! x2
* * * LOW HITPOINT WARNING * * *
The seven-headed hydra bites you!
* * * LOW HITPOINT WARNING * * *
The seven-headed hydra bites you but does no damage.
The seven-headed hydra bites you!!
You die...

.≈≈≈≈P♣♣..♣..#..............
,♣≈≈≈≈♣.P..#...##............ ♣♣♣
♣≈≈≈♣ ♣♣......##............ ..♣
♣≈≈≈♣ ♣.......##l......%....
..♣♣♣#≈≈≈♣ ♣....P..#.............
...##...# ♣....##.YP............
#...##..## #...###......#.......#
#......#.###...#..P.......#......
##....^....#....@D.Z.............
#...#.............<.............#
...##....#....#P................#
..§§###.#.....................
#....#P................... ,
.##......................


PPPP.................... .PPP...............#... ..........#.##.....#* You could
see a seven-headed hydra, a yak, an iguana and a friendly crocodile skeleton
(inner flame).

Vanquished Creatures
  Maud (Lair:4)
  Gastronok (Lair:2)
  6 hydras
  Erica (Lair:3)
  Nergalle (Lair:2)
  3 black mambas (Lair:4)
  A torpor snail (Lair:4)
  5 elephants (Lair:4)
  3 spiny frogs
  A wind drake (shapeshifter) (D:9)
  A fire drake (Lair:1)
  6 komodo dragons
  Prince Ribbit (D:5)
  A queen bee (Lair:3)
  A two-headed ogre (D:8)
  11 blink frogs (Lair:3)
  3 basilisks
  12 yaks
  4 hippogriffs
  2 hogs (D:8)
  Grum (D:8)
  A human (D:8)
  2 hungry ghosts (D:9)
  Edmund (D:7)
  Menkaure (D:5)
  7 porcupines
  5 spiders (Lair:3)
  9 water moccasins
  12 wolves
  An orc skeleton (Lair:2)
  3 orc warriors
  A spiny frog skeleton (Lair:3)
  2 wasps (D:9)
  4 ice beasts
  2 ogres (D:5)
  2 sky beasts
  7 crocodiles
  A phantom (D:7)
  3 centaurs
  A hog skeleton (D:8)
  A blink frog skeleton (Lair:3)
  2 elephant skeletons (Lair:4)
  A big kobold (D:7)
  11 giant frogs
  A gnoll sergeant (D:7)
  4 scorpions
  19 killer bees
  A hippogriff skeleton (Lair:1)
  2 yak skeletons
  2 goliath beetles
  2 crimson imps (D:6)
  2 orc priests
  3 giant frog skeletons
  A centaur zombie (D:8)
  2 electric eels (Lair:4)
  8 hounds
  11 orc wizards
  3 wolf skeletons
  2 jellies
  A gnoll shaman (D:7)
  A human skeleton (D:8)
  A centaur skeleton (D:7)
  5 iguanas
  5 spectral orcs (Lair:2)
  10 worker ants
  3 porcupine skeletons
  9 sheep
  2 crocodile skeletons (Lair:3)
  2 hound skeletons
  19 adders
  13 gnolls
  A worker ant zombie (D:5)
  2 giant mites
  22 river rats
  4 shadow imps
  7 worms
  A sheep skeleton (Lair:4)
  2 adder skeletons
  An iguana skeleton (Lair:1)
  3 giant geckos
  An ooze (D:2)
  35 orcs
  10 bats
  3 bat skeletons
  15 goblins
  16 hobgoblins
  11 jackals
  8 quokkas
  2 ball pythons
  3 giant cockroaches
  2 giant gecko skeletons (D:8)
  4 giant newts
  22 kobolds
  14 rats
  2 river rat skeletons (Lair:1)
  2 fungi
  A plant (Lair:1)
474 creatures vanquished.

Vanquished Creatures (collateral kills)
  A spiny frog (Lair:3)
  A hippogriff (Lair:2)
  A water moccasin (Lair:3)
  2 porcupines
  A spider (Lair:3)
  5 crocodiles
  2 giant frogs
  A killer bee (Lair:3)
  An iguana (Lair:2)
  A sheep (Lair:4)
  2 adders
  A rat (D:8)
19 creatures vanquished.

Vanquished Creatures (others)
  A black mamba skeleton (Lair:4)
  A spiny frog skeleton (Lair:5)
  An elephant skeleton (Lair:4)
  A human skeleton (Lair:3)
  3 blink frog skeletons (Lair:3)
  A fire drake skeleton (Lair:1)
  A komodo dragon skeleton (Lair:5)
  4 water moccasin skeletons
  A hippogriff skeleton (Lair:2)
  4 yak skeletons
  3 wolf skeletons
  A basilisk skeleton (Lair:3)
  2 giant frog skeletons (Lair:1)
  A crocodile skeleton (Lair:2)
  A hound skeleton (Lair:3)
  An iguana skeleton (D:9)
  5 adder skeletons
  A bat skeleton (D:9)
  2 river rat skeletons (Lair:1)
  A gnoll skeleton (D:8)
  An orc skeleton (D:9)
  4 quokka skeletons
  A rat skeleton (D:8)
  13 fungi
  2 plants
57 creatures vanquished.

Grand Total: 550 creatures vanquished

Notes
Turn   | Place    | Note
--------------------------------------------------------------
     0 | D:1      | RepoMan, the Mummy Fire Elementalist, began the quest for the Orb.
     0 | D:1      | Reached XP level 1. HP: 13/13 MP: 3/3
   184 | D:1      | Reached skill level 1 in Conjurations
   440 | D:1      | Reached XP level 2. HP: 19/19 MP: 2/4
   444 | D:1      | Learned a level 2 spell: Throw Flame
   983 | D:2      | Reached skill level 3 in Fire Magic
  1084 | D:2      | Reached XP level 3. HP: 21/24 MP: 4/6
  1162 | D:2      | Learned a level 3 spell: Conjure Flame
  1290 | D:2      | Got a bloodstained leather armour
  1295 | D:2      | Found a bloodstained altar of Trog.
  1296 | D:2      | Noticed a moth of wrath
  1338 | D:2      | Identified the +2 leather armour of Maziqiwe {Int+2 Dex+2 SInv} (You found it on level 2 of the Dungeon)
  1968 | D:2      | HP: 1/24 [adder (5)]
  1969 | D:2      | Reached XP level 4. HP: 1/30 MP: 0/8
  3645 | D:3      | Learned a level 3 spell: Inner Flame
  3972 | D:3      | Reached XP level 5. HP: 35/35 MP: 6/11
  4563 | D:3      | Reached skill level 4 in Fire Magic
  5421 | D:4      | Found a shattered altar of Ashenzari.
  5528 | D:5      | Entered Level 5 of the Dungeon
  5632 | D:5      | Reached XP level 6. HP: 41/41 MP: 9/13
  5710 | D:5      | Found Ufialal's Assorted Antiques.
  5719 | D:5      | Bought a fine marble ring for 135 gold pieces
  5719 | D:5      | Identified the ring "Buifo" {Contam MR+ AC+3 Str-2 Slay+3 SInv} (You bought it in a shop on level 5 of the Dungeon)
  5852 | D:5      | Noticed a sky beast
  5964 | D:5      | Killed a sky beast
  6069 | D:4      | Became a worshipper of Ashenzari the Shackled
  6242 | D:5      | Reached skill level 5 in Fire Magic
  6433 | D:5      | Reached XP level 7. HP: 46/46 MP: 12/17
  6449 | D:5      | Learned a level 4 spell: Sticky Flame
  6833 | D:5      | Noticed Prince Ribbit
  6833 | D:5      | Noticed an ogre
  6838 | D:5      | Killed Prince Ribbit
  6943 | D:5      | Killed an ogre
  6947 | D:5      | Noticed Menkaure
  7278 | D:6      | Reached skill level 6 in Fire Magic
  7278 | D:6      | Reached XP level 8. HP: 28/52 MP: 8/19
  7440 | D:6      | HP: 2/52 [centaur (4)]
  7905 | D:5      | Killed Menkaure
  7905 | D:5      | Reached skill level 5 in Spellcasting
  7996 | D:5      | Found a staircase to the Ecumenical Temple.
  8009 | Temple   | Entered the Ecumenical Temple
  9101 | D:6      | Found a snail-covered altar of Cheibriados.
  9332 | D:6      | Reached skill level 7 in Fire Magic
  9898 | D:7      | Reached XP level 9. HP: 57/57 MP: 17/22
  9905 | D:7      | Learned a level 5 spell: Fireball
 10022 | D:7      | Found a sparkling altar of Nemelex Xobeh.
 10029 | D:7      | Found a white marble altar of Elyvilon.
 10034 | D:7      | Found a stormy altar of Qazlal.
 10034 | D:7      | Found a burning altar of Makhleb.
 10269 | D:7      | Noticed Edmund
 10281 | D:7      | Killed Edmund
 10378 | D:7      | Reached skill level 5 in Conjurations
 10541 | D:7      | Reached skill level 8 in Fire Magic
 10776 | D:8      | Found a sacrificial altar of Ru.
 11506 | D:8      | Learned a level 1 spell: Animate Skeleton
 11518 | D:8      | Found a staircase to the Lair.
 11795 | D:8      | Reached skill level 9 in Fire Magic
 11795 | D:8      | Reached XP level 10. HP: 63/63 MP: 17/25
 11982 | D:8      | Noticed Grum
 11987 | D:8      | Killed Grum
 13510 | D:8      | Reached skill level 10 in Fire Magic
 13888 | D:9      | Acquired Ashenzari's first power
 14311 | Lair:1   | Entered Level 1 of the Lair of Beasts
 14686 | Lair:1   | Reached XP level 11. HP: 68/68 MP: 4/27
 15311 | Lair:1   | Reached skill level 1 in Fighting
 15401 | Lair:1   | Noticed a five-headed hydra
 15448 | Lair:1   | Killed a five-headed hydra
 15898 | Lair:2   | Noticed an eight-headed hydra
 16462 | Lair:2   | Noticed Nergalle
 16485 | Lair:2   | Noticed a spectral orc warlord
 16511 | Lair:2   | Killed Nergalle
 16951 | Lair:2   | Noticed Gastronok
 16968 | Lair:2   | Killed Gastronok
 16968 | Lair:2   | Reached skill level 11 in Fire Magic
 16969 | Lair:2   | Killed an eight-headed hydra
 17472 | Lair:3   | Found a burning altar of Makhleb.
 18017 | Lair:3   | Found a hole to the Spider Nest.
 18036 | Lair:3   | Reached XP level 12. HP: 69/83 MP: 11/29
 18260 | Lair:3   | Acquired Ashenzari's second power
 18419 | Lair:3   | Noticed a four-headed hydra
 18426 | Lair:3   | Killed a four-headed hydra
 19053 | Lair:3   | Noticed Erica
 19077 | Lair:3   | Killed Erica
 19077 | Lair:3   | Reached skill level 5 in Dodging
 19774 | Lair:3   | Your ally Erica died
 20202 | Lair:4   | Reached skill level 12 in Fire Magic
 20210 | Lair:4   | Reached skill level 5 in Fighting
 20309 | Lair:4   | Identified the ring of the Five Wishes {+Fly rPois rC+ MR+ Stlth+}
 21058 | Lair:4   | Got the uncursed robe of the Serpent {+Fly rF+ rC- SInv}
 21069 | Lair:4   | Identified the +1 robe of the Serpent {+Fly rF+ rC- SInv} (You found it on level 4 of the Lair of Beasts)
 21080 | Lair:4   | Noticed a four-headed hydra
 21085 | Lair:4   | Killed a four-headed hydra
 21394 | Lair:5   | Noticed Maud
 21443 | Lair:4   | Killed Maud
 21770 | Lair:5   | Noticed a four-headed hydra
 21826 | Lair:4   | Reached XP level 13. HP: 49/92 MP: 25/31
 22499 | Lair:5   | Killed a four-headed hydra
 22974 | Lair:6   | Mangled by a seven-headed hydra

Action                   |  1- 3 |  4- 6 |  7- 9 | 10-12 | 13-15 || total
-------------------------+-------+-------+-------+-------+-------++-------
Melee: Unarmed           |     6 |       |     1 |       |       ||     7
       Quarterstaff      |       |       |    25 |       |       ||    25
       Dagger            |       |       |     6 |    21 |       ||    27
 Fire: Blowgun           |       |       |       |    21 |       ||    21
Throw: Throwing net      |       |       |       |     1 |       ||     1
 Cast: Flame Tongue      |    88 |   184 |   140 |   230 |    22 ||   664
       Conjure Flame     |       |     9 |    17 |    32 |       ||    58
       Sticky Flame      |       |       |    24 |   102 |     4 ||   130
       Throw Flame       |       |       |    14 |    14 |    12 ||    40
       Inner Flame       |       |       |    13 |    83 |     4 ||   100
       Animate Skeleton  |       |       |       |    65 |     9 ||    74
       Fireball          |       |       |       |     5 |     1 ||     6
 Abil: Evoke Teleportati |       |       |     1 |       |       ||     1
Evoke: Wand              |       |       |       |    10 |     1 ||    11
  Use: Scroll            |     2 |     5 |       |     9 |     1 ||    17
